 Dungeon Crawl Stone Soup version 0.28-b1-25-g9875b3fc8c (webtiles) character file.

Game seed: 1754671026170363059

26 sanka the Magician (level 2, -1/16 HPs)
             Began as a Deep Elf Transmuter on Feb 7, 2022.
             Slain by a quokka (4 damage)
             ... on level 1 of the Dungeon.
             The game lasted 00:01:03 (1536 turns).

sanka the Magician (Deep Elf Transmuter)            Turns: 1536, Time: 00:01:03

Health: -1/16      AC:  2    Str:  7    XL:     2   Next: 89%
Magic:  8/9        EV: 12    Int: 17    God:
Gold:   93         SH:  0    Dex: 15    Spells: 9/10 levels left

rFire   . . .      SeeInvis .     - Unarmed
rCold   . . .      Faith    .   (no shield)
rNeg    . . .      Spirit   .   a - +0 robe
rPois   .          Reflect  .   (helmet currently unavailable)
rElec   .          Harm     .   (no cloak)
rCorr   .          Rampage  .   (no gloves)
Will    .....                   (boots currently unavailable)
Stlth   +.........              (no amulet)
HPRegen 0.05/turn               (no ring)
MPRegen 0.11/turn               (no ring)

@: appendages
A: horns 2, talons 2
a: End Transformation


You were on level 1 of the Dungeon.
You had temporarily grown beastly horns and talons.
You visited 1 branch of the dungeon, and saw 1 of its levels.

You collected 93 gold pieces.

Inventory:

Armour
 a - a +0 robe (worn)
Scrolls
 b - 3 scrolls of identify {unknown}
 c - a scroll of teleportation {unknown}


   Skills:
 - Level 0.7 Fighting
 - Level 2.4 Dodging
 - Level 2.4 Unarmed Combat
 + Level 4.8 Spellcasting
 - Level 2.1 Transmutations


You had 9 spell levels left.
You knew the following spells:

 Your Spells              Type           Power      Damage    Failure   Level
a - Beastly Appendage     Tmut           22%        N/A       6%          1

Your spell library contained the following spells:

 Spells                   Type           Power      Damage    Failure   Level
 Wereblood                Tmut           11%        N/A       9%          2
 Apportation              Tloc           8%         N/A       14%         1
 Spider Form              Tmut/Pois      7%         N/A       28%         3
 Ignite Poison            Fire/Tmut/Pois 6%         N/A       32%         3
 Conjure Flame            Conj/Fire      4%         6-21      41%         3
 Ice Form                 Ice/Tmut       7%         N/A       67%         4
 Sticky Flame             Conj/Fire      4%         2d3       82%         4
 Alistair's Intoxication  Tmut/Pois      4%         N/A       95%         5


Dungeon Overview and Level Annotations

Branches:
Dungeon (1/15)

Altars:


Innate Abilities, Weirdness & Mutations

You have temporarily grown beastly horns and talons.


Message History

No target in view!
No target in view!
You start resting.
Magic restored.
You start waiting.
Your transformation is almost over.
Found a hand axe.
Your horns disappear.
Your talons disappear.
A quokka comes into view.
A quokka is nearby!
You grow a pair of large bovine horns.
Your feet morph into talons.
The quokka bites you but does no damage.
You hit the quokka.
The quokka is lightly wounded.
The quokka barely misses you.
You closely miss the quokka. Your kick misses the quokka.
The quokka is lightly wounded.
The quokka completely misses you.
You closely miss the quokka.
The quokka is lightly wounded.
The quokka bites you.
You hit the quokka. Your headbutt misses the quokka.
The quokka is moderately wounded.
The quokka bites you.
You are too injured to fight recklessly!
You are too injured to fight recklessly!
You are too injured to fight recklessly!
You hit the quokka but do no damage.
The quokka is moderately wounded.
The quokka barely misses you.
You closely miss the quokka. You claw the quokka, but do no damage.
The quokka is moderately wounded.
The quokka bites you.
* * * LOW HITPOINT WARNING * * *
The quokka barely misses you.
You hit the quokka but do no damage. You claw the quokka, but do no damage.
You headbutt the quokka.
The quokka is heavily wounded.
The quokka bites you.
You die...

##.# #.######..##
###.###.........#
#.......#######.#
#.#.###.# ##+## #.#.#
#.# ##...## #.#.###.#
##.....## ##.#.#.#.#
##.......#
#........###.........
#.##@......+......>..
#.##.r..####.........
#.##.#.## ##.......#
#.#..#.# ##.....##
#.#.##.# ##...## #.#.
# ##'## #.#. #.# ..
#.# ######.##


You could see a quokka.

Vanquished Creatures
  4 ball pythons (D:1)
  2 endoplasms (D:1)
  A giant cockroach (D:1)
  3 goblins (D:1)
  A hobgoblin (D:1)
  4 kobolds (D:1)
  3 quokkas (D:1)
  2 bats (D:1)
  A frilled lizard (D:1)
  2 rats (D:1)
23 creatures vanquished.

Notes
Turn   | Place    | Note
-------+----------+-------------------------------------------
     0 | D:1      | sanka the Deep Elf Transmuter began the quest for the Orb.
     0 | D:1      | Reached XP level 1. HP: 11/11 MP: 6/6
   388 | D:1      | Reached skill level 4 in Spellcasting
   388 | D:1      | Reached XP level 2. HP: 14/16 MP: 7/9
  1536 | D:1      | Slain by a quokka

Illustrated notes

Levels and vault maps discovered:
D:1:      lightli_arrival_statue_moat, layout_loops_corners, serial_glass,
          glass_columns_b, glass_columns_c, feat_on_display

Skill      XL: |  1 |
---------------+----+-----
Spellcasting   | 4 |  4.8
Fighting       | |  0.7
Dodging        | |  2.4
Unarmed Combat | |  2.4
Transmutations | |  2.1

Action                   || total
-------------------------++-------
Melee: Unarmed           ||    56
       Kick              ||    17
       Headbutt          ||     9
       Punch             ||     1
 Cast: Beastly Appendage ||    19
Armor: Robe              ||     6
Dodge: Dodged            ||    37
